 Dungeon Sprint DCSS version 0.31.0-12-g77e489cdc1 (webtiles) character file.

Game seed: 16867308897479217383

1000000 Kallu the Acrobat (level 14, -43/130 HPs)
             Began as a Djinni Warper on Feb 14, 2024.
             Was a Believer of Makhleb.
             Annihilated by a meat berserker
             ... wielding a +9 battleaxe
              (82 damage)
             ... in the Dungeon (Sprint VIII: "Arena of Blood").
             The game lasted 00:00:18 (10 turns).

Kallu the Acrobat (Djinni Warper)                     Turns: 10, Time: 00:00:19

Health: -43/130    AC:  4    Str: 10    XL:     14   Next: 83%
Gold:   0          EV: 22    Int: 20    God:    Makhleb [**....] SH:  0 Dex: 13

rFire   + + .        h - +∞ Axe of Woe
rCold   x . .        (shield currently unavailable)
rNeg    . . .        a - +0 leather armour
rPois   ∞            (no helmet)
rElec   .            (no cloak)
rCorr   .            (no gloves)
SInv    .            (boots unavailable)
Will    +....        (no amulet)
Stlth   +            (no ring)
HPRegen 0.41/turn    (no ring)
MPRegen 0.00/turn

%: no teleportation, infuse magic (-44 HP)
@: flying
A: sickness immunity, fire resistance 2, cold vulnerability 1, float, innate
caster, HP casting, extra vitality 1
a: Renounce Religion, Minor Destruction


You were in the Dungeon.
You worshipped Makhleb.
Makhleb was pleased with you.
You visited 1 branch

Inventory:

Hand Weapons
 h - the +∞ Axe of Woe (weapon)
   (You found it in the Dungeon)
Missiles
 c - 7 darts of dispersal (quivered)
Armour
 a - a +0 leather armour (worn)
Scrolls
 b - 2 scrolls of blinking
Potions
 d - a potion of curing
 e - a potion of heal wounds
 f - a potion of haste
 g - a potion of berserk rage


   Skills:
 + Level 22.0 Fighting
 + Level 5.9 Axes
 + Level 6.2 Throwing
 + Level 7.4 Armour
 + Level 23.2 Dodging
 + Level 21.5 Unarmed Combat
 + Level 2.9 Spellcasting
 + Level 2.9 Conjurations
 + Level 2.9 Hexes
 + Level 2.9 Summonings
 + Level 2.9 Necromancy
 + Level 2.9 Translocations
 + Level 2.9 Fire Magic
 + Level 2.9 Ice Magic
 + Level 2.9 Air Magic
 + Level 2.9 Earth Magic
 + Level 2.9 Alchemy


You knew the following spells:

 Your Spells              Type           Power      Damage    Failure   Level
a - Blink                 Tloc           28%        N/A       9%          2
b - Lesser Beckoning      Tloc           28%        N/A       9%          2
c - Teleport Other        Tloc           14%        N/A       16%         3
d - Manifold Assault      Tloc           14%        N/A       47%         4
e - Vhi's Electric Charg  Tloc/Air       28%        N/A       47%         4
f - Sandblast             Erth           28%        2d8       5%          1
g - Searing Ray           Conj           28%        2d5       9%          2
h - Frozen Ramparts       Ice            28%        1d5       16%         3
i - Passwall              Erth           14%        N/A       16%         3
j - Alistair's Intoxicat  Alch           9%         N/A       83%         5
k - Silence               Hex/Air        7%         N/A       83%         5
Your spell library was empty.

Dungeon Overview and Level Annotations

Branches:
Dungeon (1/1)

Altars:
Makhleb


Innate Abilities, Weirdness & Mutations

You are immune to sickness and miasma.
You are immune to poison.
Your flesh is very heat resistant. (rF++)
You are vulnerable to cold. (rC-)
You float through the air rather than walking.
You learn spells naturally, not from books.
Your magical power is your life essence.
You have superior vitality. (+4 MHP)


Message History

Your Armour skill increases to level 6!
Your Dodging skill gained 3 levels and is now at level 21!
Your Unarmed Combat skill gained 3 levels and is now at level 19!
You have reached level 13!
The power to cast Silence wells up from within.
Spell assigned to 'k'.
Unknown command.
You slash the meat berserker!
You chop the meat berserker into pieces.
You kill the meat berserker!
Makhleb accepts your kill.
You can now gain health from killing.
You hit the bag of meat. You chop the bag of meat into pieces.
You kill the bag of meat!
Makhleb accepts your kill.
You feel better.
You hear a shout!
A bag of meat comes into view. It is wielding a +9 war axe. x2
The bag of meat hits you with a +9 war axe!!
* * * LOW HITPOINT WARNING * * *
The bag of meat moves out of view. x2
Your Fighting skill gained 3 levels and is now at level 22!
Your Axes skill gained 3 levels and is now at level 5!
Your Throwing skill increases to level 6!
Your Armour skill increases to level 7!
Your Dodging skill gained 2 levels and is now at level 23!
Your Unarmed Combat skill gained 2 levels and is now at level 21!
You have reached level 14!
Unknown command.
You slice the bag of meat!!
You hew the bag of meat violently.
You kill the bag of meat!
Makhleb accepts your kill.
You feel better.
You hit the bag of meat.
You slaughter the bag of meat joyfully.
You kill the bag of meat!
Makhleb accepts your kill.
You can now harness Makhleb's destructive might.
The meat berserker rages.
The meat berserker hits you with a +9 battleaxe!!!!
Ouch! That really hurt!
You die...

..........
........
........o #.....
.# .. #.... ..#
...###..o ..###.
.......)###......
#.....O@)O.o....
......#)o.).#..
..... #_.<._#
.... #.....# #..
...o._......
...o....###......
...###... ..###.
. #... ..# #...
.#


You could see 2 meat berserkers and 4 bags of meat.

Vanquished Creatures
  3 ogres (D)
  3 orcs (D)
6 creatures vanquished.

Notes
Turn   | Place    | Note
-------+----------+-------------------------------------------
     0 | D        | Found the +∞ Axe of Woe
     0 | D        | Kallu the Djinni Warper began the quest for the Orb.
     0 | D        | Kallu set off with the following spells memorised: Blink,
                  | Lesser Beckoning, Teleport Other, Manifold Assault, Vhi's
                  | Electric Charge.
     0 | D        | Reached XP level 1. HP: 18/18 MP: 0/0
     1 | D        | Noticed a meat berserker
     2 | D        | Killed a meat berserker
     2 | D        | Noticed a bag of meat
     2 | D        | Noticed a bag of meat
     2 | D        | Noticed a bag of meat
     3 | D        | Reached skill level 5 in Armour
     3 | D        | Reached skill level 18 in Dodging
     3 | D        | Reached XP level 2. HP: 45/45 MP: 0/0
     3 | D        | Reached XP level 3. HP: 50/50 MP: 0/0
     3 | D        | Learned a level 1 spell: Sandblast
     3 | D        | Reached XP level 4. HP: 57/57 MP: 0/0
     3 | D        | Reached XP level 5. HP: 63/63 MP: 0/0
     3 | D        | Learned a level 2 spell: Searing Ray
     3 | D        | Reached XP level 6. HP: 69/69 MP: 0/0
     3 | D        | Reached XP level 7. HP: 75/75 MP: 0/0
     3 | D        | Learned a level 3 spell: Frozen Ramparts
     3 | D        | Reached XP level 8. HP: 81/81 MP: 0/0
     3 | D        | Reached XP level 9. HP: 86/86 MP: 0/0
     3 | D        | Learned a level 3 spell: Passwall
     3 | D        | Reached XP level 10. HP: 94/94 MP: 0/0
     3 | D        | Reached XP level 11. HP: 99/99 MP: 0/0
     3 | D        | Learned a level 5 spell: Alistair's Intoxication
     3 | D        | Reached XP level 12. HP: 105/105 MP: 0/0
     5 | D        | Became a worshipper of Makhleb the Destroyer
     5 | D        | Noticed a meat berserker
     6 | D        | Noticed a meat berserker
     6 | D        | Noticed a bag of meat
     7 | D        | Noticed a bag of meat
     8 | D        | Killed a meat berserker
     8 | D        | Noticed a meat berserker
     8 | D        | Noticed a meat berserker
     8 | D        | Noticed a bag of meat
     8 | D        | Noticed a bag of meat
     9 | D        | Reached skill level 5 in Throwing
     9 | D        | Reached skill level 21 in Dodging
     9 | D        | Reached XP level 13. HP: 13/117 MP: 0/0
     9 | D        | Learned a level 5 spell: Silence
     9 | D        | Killed a meat berserker
     9 | D        | Reached * piety under Makhleb
     9 | D        | Killed a bag of meat
     9 | D        | Noticed a bag of meat
     9 | D        | Noticed a bag of meat
    10 | D        | Reached skill level 5 in Axes
    10 | D        | Reached skill level 23 in Dodging
    10 | D        | Reached XP level 14. HP: 20/130 MP: 0/0
    10 | D        | Killed a bag of meat
    10 | D        | Killed a bag of meat
    10 | D        | Reached ** piety under Makhleb
    10 | D        | Annihilated by a meat berserker

Illustrated notes

Levels and vault maps discovered:
D:        meatsprint

Skill      XL: |  1  2  3  4  5  6  7  8  9 10 11 12 13 |
---------------+----------------------------------------+-----
Fighting       | 16 19 22 | 22.0
Throwing       | 4 5 6 |  6.2
Armour         | 5 6 7 |  7.4
Dodging        | 18 21 23 | 23.2
Unarmed Combat | 16 19 21 | 21.5
Axes           | 2 5 |  5.9
Spellcasting   | |  2.9
Conjurations   | |  2.9
Hexes          | |  2.9
Summonings     | |  2.9
Necromancy     | |  2.9
Translocations | |  2.9
Fire Magic     | |  2.9
Ice Magic      | |  2.9
Air Magic      | |  2.9
Earth Magic    | |  2.9
Alchemy        | |  2.9

Action                     |  1- 3 |  4- 6 |  7- 9 | 10-12 | 13-15 || total
---------------------------+-------+-------+-------+-------+-------++-------
  Melee: Executioner's axe |     1 |       |       |       |     2 ||     3
 Armour: Leather armour    |       |       |       |     2 |     2 ||     4
